AoeStats
← Lord Laggington

Socotra

514888377Analyzed
1v1 RM · 18d ago on Oct 19, 2026· 27m 32s· 2 players
Game mode
Random Map
Map size
96×96
Population
200
Speed
Normal
Resources
Standard
Victory
Conquest
Starting age
Dark Age
Ending age
Imperial Age
RankedLock teamsTeams togetherTeam positionsShared explorationLock speedFull tech treeHidden civsTurbo modeCheats
Victory
Defeat
🇩🇪 Vietnamese · Germany
800
+15
vs
🇫🇷 Celts · France
778
-15
Mr Metastase
11:32 Feudal Age
17:19 Scale Barding Armor
26:57 Castle Age
Lord Laggington
3:28 Loom
10:42 Feudal Age
11:35 Double-Bit Axe
12:51 Horse Collar
13:36 Town Watch
16:17 Fletching
20:30 Castle Age
18:40 Padded Archer Armor
21:22 Wheelbarrow
21:23 Bow Saw
21:13 Crossbowman
22:48 Thumb Ring
23:09 Heavy Plow
24:27 Bodkin Arrow
26:38 Hand Cart
Connection lost

Rejoining the realm…

Still unreachable

The connection could not be restored.

Session expired

The server has moved on; the page needs a fresh start.